 Dungeon Crawl Stone Soup version 0.30.1-11-g7821555f0a (webtiles) character file.

Game seed: 2071531816732941977

291 Scypho the Cudgeller (level 6, 0/51 HPs)
             Began as a Minotaur Fighter on Dec 1, 2023.
             Slain by a gnoll sergeant
             ... wielding a +0 spear
              (9 damage)
             ... on level 4 of the Dungeon.
             The game lasted 00:04:42 (2469 turns).

Scypho the Cudgeller (Minotaur Fighter)             Turns: 2469, Time: 00:04:42

Health: 0/51       AC:  8    Str: 20    XL:     6   Next: 10%
Magic:  5/5        EV:  9    Int:  5    God:
Gold:   151        SH:  4    Dex: 12    Spells: 5/5 levels left

rFire   + . .        j - +2 mace (holy)
rCold   + . .        c - +0 buckler
rNeg    . . .        b - +0 scale mail
rPois   +            (helmet restricted)
rElec   +            h - +0 cloak
rCorr   +            (no gloves)
SInv    .            (no boots)
Will    .....        (no amulet) Stlth
                     (no ring)
HPRegen 0.28/turn    (no ring)
MPRegen 0.09/turn

%: no passive effects
@: resistant
A: horns 2, retaliatory headbutt
a: no special abilities


You were on level 4 of the Dungeon.
You visited 1 branch of the dungeon, and saw 4 of its levels.

You collected 151 gold pieces.

Inventory:

Hand Weapons
 j - a +2 mace of holy wrath (weapon)
Armour
 b - a +0 scale mail (worn)
 c - a +0 buckler (worn)
 h - a +0 cloak (worn)
Jewellery
 g - a ring of ice
Scrolls
 a - a scroll of blinking
 d - a scroll of noise
 i - 3 scrolls of identify
 k - a scroll of enchant armour
 n - a scroll of immolation
Potions
 m - a potion of brilliance


   Skills:
 - Level 3.6 Fighting
 + Level 7.8 Maces & Flails
 - Level 3.6 Armour
 - Level 3.6 Shields


You had 5 spell levels left.
You didn't know any spells.
Your spell library contained the following spells:

 Spells                   Type           Power      Damage    Failure   Level
 Freeze                   Ice            0%         1d3       88%         1
 Frozen Ramparts          Ice            0%         1d1       99%         3
 Hailstorm                Conj/Ice       0%         3d3       99%         3


Dungeon Overview and Level Annotations

Branches:
Dungeon (4/15)
 Temple: D:4-7

Altars:


Innate Abilities, Weirdness & Mutations

You have a pair of horns on your head.
You reflexively headbutt those who attack you in melee.


Message History

* * * LOW HITPOINT WARNING * * *
The gnoll sergeant hits you from afar with a +0 spear.
* * * LOW HITPOINT WARNING * * *
As you read the scroll labelled GUUDIB QIN, it crumbles to dust.
It is a scroll of identify.
a - a scroll of blinking;
i - 6 scrolls of identify The gnoll sergeant hits you from afar with a +0 spear.
* * * LOW HITPOINT WARNING * * *
As you read the scroll of identify, it crumbles to dust.
d - a scroll of noise Your transformation is almost over.
The gnoll sergeant hits you but does no damage.
As you read the scroll of identify, it crumbles to dust.
k - a scroll of enchant armour The gnoll sergeant barely misses you.
As you read the scroll of identify, it crumbles to dust.
n - a scroll of immolation The gnoll sergeant hits you but does no damage.
The gnoll sergeant hits you but does no damage.
The gnoll sergeant hits you but does no damage.
The gnoll sergeant hits you but does no damage.
The gnoll sergeant hits you but does no damage.
The gnoll sergeant hits you but does no damage.
The gnoll sergeant hits you but does no damage.
The gnoll sergeant hits you from afar with a +0 spear.
* * * LOW HITPOINT WARNING * * *
You feel less wooden.
Your +0 cloak unmelds from your body.
Your +0 scale mail unmelds from your body.
The gnoll sergeant hits you from afar with a +0 spear.
* * * LOW HITPOINT WARNING * * *
The gnoll sergeant hits you but does no damage.
There is an open door, spattered with blood here.
Items here: ))))) ††.
You hit the gnoll sergeant but do no damage.
The gnoll sergeant hits you with a +0 spear.
* * * LOW HITPOINT WARNING * * *
You barely miss the gnoll sergeant.
The gnoll sergeant hits you with a +0 spear!
You die...

#.#.# ################
#.#.# +.............>#
#.#.# #####.#####.##.#
#.#.# #.## #.##.#
#.#.#
####..####.##.####.#.#
#≈≈≈≈.≈≈≈≈.##.##...#.#
#≈##≈.≈##≈.##.#......#
# ##@###≈.#.......###
#g..#≈≈.##...##.#
#...#≈≈.........#
#.$.#≈≈###.#.####
######≈##..#.#
≈≈##≈#.....#
≈≈≈#.#.### ###..#.#
##...)..#


You could see a gnoll sergeant.

Vanquished Creatures
  Sigmund (D:2)
  A hound (D:4)
  5 gnolls (D:4)
  A worm (D:2)
  2 orcs
  3 ball pythons
  2 endoplasms (D:2)
  A giant cockroach (D:1)
  3 hobgoblins
  2 quokkas
  A frilled lizard (D:3)
  7 goblins
  8 kobolds
  4 rats
41 creatures vanquished.

Notes
Turn   | Place    | Note
-------+----------+-------------------------------------------
     0 | D:1      | Scypho the Minotaur Fighter began the quest for the Orb.
     0 | D:1      | Reached XP level 1. HP: 19/19 MP: 0/0
   177 | D:1      | Reached skill level 3 in Maces & Flails
   317 | D:1      | Reached XP level 2. HP: 26/26 MP: 1/1
   964 | D:2      | Noticed Sigmund
   976 | D:2      | Killed Sigmund
   977 | D:2      | Reached skill level 6 in Maces & Flails
   977 | D:2      | Reached XP level 3. HP: 30/31 MP: 2/2
   977 | D:2      | Reached XP level 4. HP: 37/39 MP: 3/3
   977 | D:2      | Reached XP level 5. HP: 43/45 MP: 4/4
  1239 | D:2      | Reached skill level 7 in Maces & Flails
  1602 | D:3      | Found a faded altar of an unknown god.
  2437 | D:4      | Reached XP level 6. HP: 34/51 MP: 5/5
  2469 | D:4      | Slain by a gnoll sergeant

Illustrated notes

Levels and vault maps discovered:
D:1:      dpeg_arrival_refuge, layout_loops_ring
D:2:      layout_basic, uniq_sigmund
D:3:      layout_basic, shapermc_ecumenical_altar_mp_highgroup
D:4:      layout_basic, nicolae_overflow_two_pavilions,
          minmay_temple_entry_glass, serial_shops, shop, lightli_minifort

Skill      XL: |  1  2  3  4  5 |
---------------+----------------+-----
Maces & Flails | 3 6 7 |  7.8
Fighting       | |  3.6
Armour         | |  3.6
Shields        | |  3.6

Action                     |  1- 3 |  4- 6 || total
---------------------------+-------+-------++-------
  Melee: Flail             |    24 |       ||    24
         Headbutt          |     4 |     6 ||    10
         Mace              |     9 |    54 ||    63
    Use: Potion            |     1 |     4 ||     5
         Scroll            |       |     4 ||     4
 Armour: Scale mail        |     6 |    13 ||    19
         Skin              |       |    16 ||    16
  Dodge: Dodged            |    10 |    26 ||    36
  Block: Buckler           |     4 |    13 ||    17
